 Dungeon Crawl Stone Soup version 0.21.1-1-g345015fe64 (webtiles) character file.

4315 Kohma the Cleaver (level 10, -8/91 HPs)
             Began as a Minotaur Fighter on June 28, 2018.
             Was a Priest of Okawaru.
             Mangled by a two-headed ogre
             ... wielding a +0 giant club
              (28 damage)
             ... on level 8 of the Dungeon.
             The game lasted 00:16:39 (6342 turns).

Kohma the Cleaver (Minotaur Fighter)                Turns: 6342, Time: 00:16:40

Health: -8/91      AC:  0    Str: 22    XL:     10   Next: 11%
Magic:  9/9        EV: 13    Int:  5    God:    Okawaru [***...]
Gold:   94         SH:  0    Dex: 12    Spells: 9/9 levels left

rFire    . . .     SeeInvis .   (weapon currently unavailable)
rCold    . . .     Gourm    .   (shield currently unavailable)
rNeg     . . .     Faith    .   (armour currently unavailable)
rPois    .         Spirit   .   (helmet currently unavailable)
rElec    .         Reflect  .   (cloak currently unavailable)
rCorr    .         Harm     .   (gloves currently unavailable)
MR       .....                  (boots currently unavailable)
Stlth    +.........             (no amulet)
HPRegen  0.25/turn              (ring currently unavailable)
MPRegen  0.11/turn              (ring currently unavailable)

@: about to teleport, pig-form, very quick
A: small, (retaliatory headbutt)
a: Heroism, Renounce Religion


You were on level 8 of the Dungeon.
You worshipped Okawaru.
Okawaru was most pleased with you.
You were not hungry.
You were a filthy swine.
You visited 2 branches of the dungeon, and saw 9 of its levels.

You collected 94 gold pieces.

Inventory:

Hand Weapons
 a - a +0 war axe (melded)
 r - a +0 hunting sling
Missiles
 s - 172 stones (quivered)
 J - a throwing net
Armour
 b - a +0 pair of boots (melded)
 c - a +0 shield (melded)
 j - a +0 chain mail (melded)
 u - a +1 pair of gloves (melded)
 B - a +0 cloak (melded)
Jewellery
 x - a +5 ring of evasion (melded)
 A - a ring of positive energy (melded)
Wands
 l - a wand of digging (11)
 y - a wand of iceblast (9)
 E - a wand of acid (5)
 K - a wand of disintegration (15)
Scrolls
 e - 4 scrolls of teleportation
 h - a scroll of noise {unknown}
 m - a scroll of amnesia
 n - a scroll of magic mapping
 o - 2 scrolls of identify
 q - 4 scrolls of remove curse
 F - a scroll of blinking {unknown}
 H - a scroll of torment {unknown}
Potions
 g - 2 potions of lignification
 i - 2 potions of flight {unknown}
 k - 4 potions of curing
 p - a potion of degeneration {unknown}
 t - 3 potions of magic
 v - a potion of heal wounds {unknown}
 w - a potion of agility {unknown}
 z - a potion of haste {unknown}
 D - 2 potions of resistance
 G - a potion of berserk rage {unknown}
 I - a potion of mutation {unknown}
Books
 C - a book of Frost

   Spells                             Type                      Level
   a - Freeze                         Ice                          1
   b - Throw Frost                    Conjuration/Ice              2
   c - Ozocubu's Armour               Charms/Ice                   3
   d - Throw Icicle                   Conjuration/Ice              4
   e - Summon Ice Beast               Ice/Summoning                4
Comestibles
 f - 20 rations


   Skills:
 + Level 9.1 Fighting
 * Level 11.7 Axes
 + Level 9.1 Armour
 - Level 7.0 Shields


You had 9 spell levels left.
You didn't know any spells.

Dungeon Overview and Level Annotations

Branches:
Dungeon (8/15)             Temple (1/1) D:5
   Lair: D:8-11

Altars:
Ashenzari
Cheibriados
Dithmenos
Elyvilon
Gozag
Hepliaklqana
Kikubaaqudgha
Makhleb
Nemelex Xobeh
Okawaru
Qazlal
Ru
Sif Muna
Trog
Uskayaw
Vehumet
Wu Jian
Xom
Yredelemnul
Zin
The Shining One

Shops:
D:5 (   D:8 (

Annotations:
D:8 Maurice


Innate Abilities, Weirdness & Mutations

((You reflexively headbutt those who attack you in melee.))
((You have a pair of horns on your head.))


Message History

The two-headed ogre is heavily wounded.
You miss something.
You hear a zap.
You turn into a filthy swine.
Your +0 war axe melds into your body.
Your +0 cloak melds into your body.
Your +1 pair of gloves melds into your body.
Your +0 pair of boots melds into your body.
Your +0 shield melds into your body.
Your +0 chain mail melds into your body.
Your +5 ring of evasion melds into your body.
Your ring of positive energy melds into your body.
The two-headed ogre hits you with a giant club!!
* * * LOW HITPOINT WARNING * * *
The two-headed ogre barely misses you.
As you read the scroll of teleportation, it crumbles to dust.
You feel strangely unstable. Something hits you.
* * * LOW HITPOINT WARNING * * *
Something steals 179 gold pieces!
You now have 94 gold pieces.
The two-headed ogre hits you with a giant club!!
You die...

# #<## ###
##.#### ...#
#####.....#
...#
##.........#
...#
#....[.....#
...#
##.........#
...#
#.........#
...#
#....{O†..#
....
##...†h.!.#
...
#...†....#
..
#.......## .
#..#.....#
#..#.....#
.. ####### #


You could see a two-headed ogre.

Vanquished Creatures
  Grinder (D:6)
  A troll (D:7)
  2 hippogriffs
  A yak (D:7)
  Eustachio (D:6)
  3 hogs (D:7)
  A human (D:7)
  2 ice beasts
  A phantom (D:6)
  A centaur (D:8)
  5 ogres
  2 bullfrogs
  3 scorpions
  4 wights (D:6)
  6 killer bees (D:8)
  2 howler monkeys
  5 crimson imps
  A centaur zombie (D:8)
  A bullfrog zombie (D:6)
  2 centaur skeletons
  2 jellies (D:8)
  An orc priest (D:4)
  5 hounds
  4 orc wizards
  Terence (D:3)
  7 worker ants
  11 gnolls
  7 adders
  A shadow imp (D:5)
  An ooze (D:1)
  An adder skeleton (D:5)
  3 worms
  3 dart slugs
  4 leopard geckos
  13 orcs
  8 bats
  4 giant cockroaches
  16 hobgoblins
  6 jackals
  6 quokkas
  A ball python zombie (D:5)
  4 frilled lizards
  A giant cockroach zombie (D:5)
  6 goblins
  7 kobolds
  2 quokka skeletons
  5 rats
175 creatures vanquished.

Notes
Turn   | Place    | Note
-------+----------+-------------------------------------------
     0 | D:1      | Kohma the Minotaur Fighter began the quest for the Orb.
     0 | D:1      | Reached XP level 1. HP: 19/19 MP: 0/0
   175 | D:1      | Reached XP level 2. HP: 26/27 MP: 1/1
   228 | D:1      | Reached skill level 3 in Axes
   799 | D:2      | Reached XP level 3. HP: 33/33 MP: 2/2
   843 | D:2      | Found a sparkling altar of Nemelex Xobeh.
   886 | D:2      | Found a bloodstained altar of Trog.
   888 | D:2      | Found a hazy altar of Hepliaklqana.
   893 | D:2      | Found a deep blue altar of Sif Muna.
   893 | D:2      | Found a shattered altar of Ashenzari.
  1386 | D:3      | Reached XP level 4. HP: 35/40 MP: 3/3
  1493 | D:3      | Found an opulent altar of Gozag.
  1519 | D:3      | Found a shattered altar of Ashenzari.
  1520 | D:3      | Noticed Terence
  1533 | D:3      | Killed Terence
  1533 | D:3      | Reached skill level 4 in Axes
  1673 | D:3      | Reached XP level 5. HP: 43/47 MP: 4/4
  1673 | D:3      | Reached skill level 5 in Shields
  1772 | D:3      | Found a stormy altar of Qazlal.
  2142 | D:4      | Noticed an ogre
  2149 | D:4      | Killed an ogre
  2149 | D:4      | Reached XP level 6. HP: 49/53 MP: 5/5
  2165 | D:4      | Reached skill level 5 in Axes
  2534 | D:4      | Found a white marble altar of Elyvilon.
  2735 | D:4      | Reached skill level 5 in Fighting
  2735 | D:4      | Reached skill level 5 in Armour
  2735 | D:4      | Reached XP level 7. HP: 45/61 MP: 6/6
  3149 | D:5      | Entered Level 5 of the Dungeon
  3180 | D:5      | Reached skill level 6 in Axes
  3346 | D:5      | Found Iheat's Weapon Boutique.
  3400 | D:5      | Found a staircase to the Ecumenical Temple.
  3424 | Temple   | Entered the Ecumenical Temple
  3451 | Temple   | Became a worshipper of Warmaster Okawaru
  3833 | D:6      | Noticed Eustachio
  3849 | D:6      | Killed Eustachio
  3849 | D:6      | Reached skill level 7 in Axes
  3849 | D:6      | Reached XP level 8. HP: 69/70 MP: 7/7
  3954 | D:6      | Reached skill level 8 in Axes
  4014 | D:6      | Reached * piety under Okawaru
  4112 | D:6      | Found an ancient bone altar of Kikubaaqudgha.
  4117 | D:6      | Found a shimmering altar of Xom.
  4176 | D:6      | Found a sacrificial altar of Ru.
  4481 | D:6      | Reached skill level 9 in Axes
  4482 | D:6      | Noticed Grinder
  4506 | D:6      | Killed Grinder
  4506 | D:6      | Reached XP level 9. HP: 79/79 MP: 8/8
  4963 | D:7      | Reached ** piety under Okawaru
  4974 | D:7      | Reached skill level 10 in Axes
  5130 | D:7      | Noticed a troll
  5140 | D:7      | Killed a troll
  5656 | D:7      | Reached skill level 11 in Axes
  5770 | D:7      | Found a deep blue altar of Sif Muna.
  6080 | D:8      | Found Feomen's Antique Weapon Shoppe.
  6246 | D:8      | Reached *** piety under Okawaru
  6317 | D:8      | Reached XP level 10. HP: 73/90 MP: 9/9
  6325 | D:8      | Noticed Maurice
  6327 | D:8      | Noticed a two-headed ogre
  6342 | D:8      | Mangled by a two-headed ogre

Skill      XL: |  1  2  3  4  5  6  7  8  9 10 |
---------------+-------------------------------+-----
Axes           | 3 4 5 7 9 11 | 11.7
Shields        | 4 5 6 7 |  7.0
Armour         | 4 5 6 7 8 9 |  9.1
Fighting       | 4 5 6 7 8 9 |  9.1

Action                   |  1- 3 |  4- 6 |  7- 9 | 10-12 || total
-------------------------+-------+-------+-------+-------++-------
Melee: War axe           |    84 |   122 |   329 |    20 ||   555
       Headbutt          |     6 |    26 |    74 |     3 ||   109
Throw: Stone             |       |       |    72 |       ||    72
  Use: Scroll            |       |       |    11 |     1 ||    12
  Eat: Chunk             |     2 |     3 |     7 |       ||    12
       Ration            |       |     1 |     1 |       ||     2
Armor: Scale mail        |    44 |       |       |       ||    44
       Chain mail        |       |    52 |   149 |     6 ||   207
Dodge: Dodged            |    26 |    30 |   132 |    16 ||   204
Block: Shield            |    45 |    59 |   193 |    16 ||   313
